 Dungeon Crawl Stone Soup version 0.27-a0-1325-g58a489ad9e (webtiles) character file.

Game seed: 15801186883382163712

2242 freelancePsychic the Skirmisher (level 9, -3/72 HPs)
             Began as a Demonspawn Ice Elementalist on June 24, 2021.
             Was a Believer of Vehumet.
             Slain by a gnoll sergeant (12 damage)
             ... on level 7 of the Dungeon.
             The game lasted 00:13:09 (7167 turns).

freelancePsychic the Skirmisher (DsIE)              Turns: 7167, Time: 00:13:10

Health: -3/72      AC: 12    Str:  8 (10) XL:     9   Next: 14%
Magic:  16/16      EV: 10    Int: 17 (19) God:    Vehumet [**....]
Gold:   270        SH:  0    Dex: 11 (13) Spells: 11/18 levels left

rFire    . . .     SeeInvis .   m - +1 halberd (protect)
rCold    . . .     Faith    .   (shield currently unavailable)
rNeg     . . .     Spirit   .   u - +0 ring mail
rPois    .         Reflect  .   (helmet restricted)
rElec    .         Harm     .   (no cloak)
rCorr    .         Rampage  .   (no gloves)
Will     .....                  j - +1 pair of boots
Stlth    +.........             x - amulet of magic regeneration
HPRegen  0.22/turn              (no ring)
MPRegen  0.40/turn              (no ring)

@: ice-armoured
A: antennae 1, spiny 1, sharp scales 2
a: Renounce Religion


You were on level 7 of the Dungeon.
You worshipped Vehumet.
Vehumet was pleased with you.
You visited 2 branches of the dungeon, and saw 8 of its levels.

You collected 270 gold pieces.

Inventory:

Hand Weapons
 e - a +0 dagger
 m - a +1 halberd of protection (weapon)
 q - a +0 trident of protection
Missiles
 l - 7 atropa-tipped darts
 y - a throwing net
Armour
 a - a +0 robe
 j - a +1 pair of boots (worn)
 u - a +0 ring mail (worn)
 C - +0 ice dragon scales
Magical Staves
 k - a staff of death
Jewellery
 p - an amulet of guardian spirit
 x - an amulet of magic regeneration (around neck)
Wands
 r - a wand of paralysis (11)
 w - a wand of flame (30)
 A - a wand of polymorph (1)
Scrolls
 b - a scroll of magic mapping
 c - a scroll of brand weapon
 f - a scroll of enchant armour
 h - a scroll of silence
 i - a scroll of torment
 s - 2 scrolls of teleportation {@r4}
 v - a scroll of noise
 B - a scroll of holy word
Potions
 d - 2 potions of resistance
 g - 2 potions of lignification
 o - a potion of mutation
 t - a potion of magic {unknown}
 z - 2 potions of curing {@q1}
 D - a potion of heal wounds {unknown}


   Skills:
 + Level 7.4 Fighting
 + Level 5.6 Polearms
 - Level 1.7 Dodging
 - Level 1.7 Stealth
 - Level 5.2 Spellcasting
 - Level 5.7 Ice Magic


You had 11 spell levels left.
You knew the following spells:

 Your Spells              Type           Power      Damage    Failure   Level
a - Freeze                Ice            92%        1d10      4%          1
b - Frozen Ramparts       Ice            46%        1d6       12%         3
c - Ozocubu's Armour      Ice            23%        N/A       12%         3

Your spell library contained the following spells:

 Spells                   Type           Power      Damage    Failure   Level
 Sandblast                Erth           8%         2d5       41%         1
 Ensorcelled Hibernation  Hex/Ice        28%        N/A       21%         2
 Corona                   Hex            4%         N/A       41%         1
 Foxfire                  Conj/Fire      16%        2x1d4     41%         1
 Confusing Touch          Hex            4%         N/A       78%         3
 Conjure Flame            Conj/Fire      4%         6-21      78%         3
 Dazzling Flash           Conj/Hex       8%         N/A       78%         3
 Inner Flame              Hex/Fire       4%         N/A       78%         3
 Tukima's Dance           Hex            4%         N/A       78%         3
 Hailstorm                Conj/Ice       14%        3d5       78%         4
 Metabolic Englaciation   Hex/Ice        7%         N/A       98%         5
 Sticky Flame             Conj/Fire      4%         2d3       99%         4
 Fireball                 Conj/Fire      2%         3d4       100%        5


Dungeon Overview and Level Annotations

Branches:
Dungeon (7/15)             Temple (1/1) D:4

Altars:
Cheibriados
Dithmenos
Fedhas
Gozag
Hepliaklqana
Kikubaaqudgha
Makhleb
Nemelex Xobeh
Okawaru
Qazlal
Ru
Trog
Uskayaw
Vehumet
Wu Jian
Xom
Yredelemnul

Annotations:
D:3 2 transporters


Innate Abilities, Weirdness & Mutations

You have a pair of small antennae on your head.
You are partially covered in sharp spines.
You are mostly covered in razor-sharp scales. (AC +2, Slay +2)


Message History

You hit the gnoll sergeant but do no damage.
The gnoll sergeant is severely wounded.
The gnoll sergeant hits you but does no damage. x2
Reach: m) +1 halberd (protect)
Press: ? - help, Dir - move target, f/p - gnoll sergeant
Aim: a gnoll sergeant, wielding a +0 spear and wearing a +0 ring mail (severely wounded, fast, about 32% to evade your +1 halberd of protection)
You reach to attack!
You closely miss the gnoll sergeant.
The gnoll sergeant is severely wounded.
The gnoll sergeant hits you from afar with a +0 spear!
* * * LOW HITPOINT WARNING * * *
The gnoll sergeant hits you but does no damage.
Reach: m) +1 halberd (protect)
Press: ? - help, Dir - move target, f/p - gnoll sergeant
Aim: a gnoll sergeant, wielding a +0 spear and wearing a +0 ring mail (severely wounded, fast, about 32% to evade your +1 halberd of protection)
You reach to attack!
You barely miss the gnoll sergeant.
The gnoll sergeant is severely wounded.
The gnoll sergeant hits you from afar with a +0 spear!
* * * LOW HITPOINT WARNING * * *
The gnoll sergeant barely misses you.
Reach: m) +1 halberd (protect)
Press: ? - help, Dir - move target, f/p - gnoll sergeant
Aim: a gnoll sergeant, wielding a +0 spear and wearing a +0 ring mail (severely wounded, fast, about 32% to evade your +1 halberd of protection)
You reach to attack!
You hit the gnoll sergeant.
The gnoll sergeant is severely wounded.
The gnoll sergeant hits you but does no damage. x2
Reach: m) +1 halberd (protect)
Press: ? - help, Dir - move target, f/p - gnoll sergeant
Aim: a gnoll sergeant, wielding a +0 spear and wearing a +0 ring mail (severely wounded, fast, about 32% to evade your +1 halberd of protection)
You reach to attack!
You barely miss the gnoll sergeant.
The gnoll sergeant is severely wounded.
The gnoll sergeant hits you from afar with a +0 spear.
* * * LOW HITPOINT WARNING * * *
The gnoll sergeant barely misses you.
It was a potion of degeneration.
There was something very wrong with that liquid.
You feel weakened.
You feel dopey.
You feel clumsy. The gnoll sergeant barely misses you.
It was a potion of curing.
You feel better.
The gnoll sergeant hits you from afar with a +0 spear!
You die...

#. ### #. #.. #.##..
#....######## .
#..8.#(.....#..
#....#≈≈≈≈≈≈...
#.....†g.....h.
#....@)........
#.!..#≈≈≈≈≈≈...
#..8.#(.....#..
#....########
#.##..###### #.
#.......##
#....#####..##########
####.#####............
#.......####.##....


You could see a gnoll sergeant (fast).

Vanquished Creatures
  Eustachio (D:6)
  Duvessa (D:7)
  A black bear (D:4)
  An orc warrior (D:7)
  A wolf (D:7)
  2 ogres
  A necrophage (D:7)
  A centaur (D:6)
  A phantom (D:7)
  3 scorpions (D:5)
  Dowan (D:7)
  4 wights (D:6)
  A centaur zombie (D:7)
  A bullfrog zombie (D:6)
  5 hounds
  3 gnoll shamans
  2 orc priests
  A centaur skeleton (D:7)
  An iguana (D:5)
  6 orc wizards
  A killer bee zombie (D:6)
  A hound skeleton (D:5)
  A howler monkey zombie (D:4)
  18 gnolls
  4 adders
  A shadow imp (D:6)
  A white imp (D:6)
  2 worms
  21 orcs
  6 ball pythons
  9 bats
  9 endoplasms
  2 giant cockroaches
  4 goblins
  3 hobgoblins
  3 jackals (D:2)
  6 kobolds
  A quokka (D:1)
  2 frilled lizards (D:1)
  A rat (D:3)
134 creatures vanquished.

Notes
Turn   | Place    | Note
-------+----------+-------------------------------------------
     0 | D:1      | freelancePsychic the Demonspawn Ice Elementalist began the
                  | quest for the Orb.
     0 | D:1      | Reached XP level 1. HP: 13/13 MP: 3/3
   362 | D:1      | Gained mutation: You are partially covered in razor-sharp
                  | scales. (AC +1, Slay +1) [demonic ancestry]
   362 | D:1      | Reached XP level 2. HP: 19/19 MP: 0/5
   591 | D:1      | Found a faded altar of an unknown god.
  1165 | D:2      | Reached XP level 3. HP: 24/24 MP: 3/6
  1409 | D:2      | Learned a level 3 spell: Frozen Ramparts
  1589 | D:3      | Found a transporter.
  1657 | D:3      | You fall into a shaft and drop 2 floors!
  1657 | D:5      | Entered Level 5 of the Dungeon
  1726 | D:4      | Found a staircase to the Ecumenical Temple.
  1928 | D:4      | Noticed a black bear
  1937 | D:4      | Killed a black bear
  1938 | D:4      | Reached skill level 5 in Ice Magic
  1938 | D:4      | Gained mutation: You have a pair of small antennae on your
                  | head. [demonic ancestry]
  1938 | D:4      | Reached XP level 4. HP: 22/30 MP: 0/8
  1938 | D:4      | Gained mutation: You are partially covered in sharp spines.
                  | [demonic ancestry]
  1938 | D:4      | Reached XP level 5. HP: 25/35 MP: 0/9
  2123 | Temple   | Entered the Ecumenical Temple
  2243 | Temple   | Became a worshipper of Vehumet
  2912 | D:3      | Learned a level 3 spell: Ozocubu's Armour
  2961 | D:3      | Found a transporter.
  3460 | D:5      | Reached skill level 1 in Fighting
  3460 | D:5      | Reached XP level 6. HP: 36/43 MP: 4/11
  3550 | D:5      | Reached skill level 2 in Fighting
  3551 | D:5      | Reached * piety under Vehumet
  3551 | D:5      | Offered knowledge of Foxfire by Vehumet.
  3720 | D:5      | Reached XP level 7. HP: 9/51 MP: 4/13
  3722 | D:5      | Reached skill level 3 in Fighting
  4168 | D:5      | Reached skill level 5 in Spellcasting
  4443 | D:5      | Found an iron altar of Okawaru.
  4527 | D:6      | Reached skill level 4 in Fighting
  4561 | D:6      | Reached skill level 1 in Polearms
  5069 | D:6      | Reached skill level 5 in Fighting
  5069 | D:6      | Gained mutation: You are mostly covered in razor-sharp
                  | scales. (AC +2, Slay +2) [demonic ancestry]
  5069 | D:6      | Reached XP level 8. HP: 41/62 MP: 9/15
  5523 | D:6      | Reached ** piety under Vehumet
  5577 | D:6      | Noticed Eustachio
  5694 | D:6      | Killed Eustachio
  5694 | D:6      | Offered knowledge of Sandblast by Vehumet.
  6124 | D:6      | Found a sparkling altar of Nemelex Xobeh.
  6125 | D:6      | Found a hide-covered altar of Uskayaw.
  6286 | D:6      | Reached skill level 6 in Fighting
  6739 | D:7      | Noticed Duvessa
  6741 | D:7      | Reached skill level 5 in Polearms
  6741 | D:7      | Noticed Dowan
  6749 | D:7      | Killed Duvessa
  6750 | D:7      | Reached skill level 7 in Fighting
  6750 | D:7      | Reached XP level 9. HP: 18/72 MP: 13/16
  6754 | D:7      | Killed Dowan
  7165 | D:7      | HP: 2/72 [gnoll sergeant (3)]
  7167 | D:7      | Slain by a gnoll sergeant

Illustrated notes

Levels and vault maps discovered:
D:1:      sevenhm_arrival_forest_fort_small_3, layout_rooms,
          shapermc_ecumenical_altar_flowoftime, minmay_pentomino_p2
D:2:      layout_rooms
D:3:      gammafunk_steamed_eel, layout_loops_ring
D:4:      layout_gridville, minmay_temple_entry_mini_moons
D:5:      layout_rooms, okawaru_trees_1
D:6:      layout_basic, gammafunk_temple_overflow_statue, uniq_eustachio
D:7:      layout_cave_pools, enter_bailey_3, serial_gnoll_camp,
          gnoll_camp_mini_house, gnoll_camp_mini_loothouse,
          gnoll_camp_medium_01, gnoll_camp_mini_house, gnoll_camp_huts_moat,
          minmay_fire_ice_demons, uniq_duvessa
Temple:   dpeg_five_rooms_temple

Skill      XL: |  1  2  3  4  5  6  7  8 |
---------------+-------------------------+-----
Ice Magic      | 4 5 |  5.7
Spellcasting   | 3 4 5 |  5.2
Fighting       | 1 2 5 7 |  7.4
Polearms       | 2 5 |  5.6
Dodging        | |  1.7
Stealth        | |  1.7

Action                   |  1- 3 |  4- 6 |  7- 9 || total
-------------------------+-------+-------+-------++-------
Melee: Unarmed           |     7 |       |       ||     7
       Dagger            |    31 |    19 |       ||    50
       Trident           |       |    33 |   120 ||   153
       Halberd           |       |       |    16 ||    16
 Cast: Freeze            |    49 |     4 |     8 ||    61
       Frozen Ramparts   |     1 |     8 |    20 ||    29
       Ozocubu's Armour  |       |     3 |    12 ||    15
  Use: Scroll            |     6 |       |     8 ||    14
       Potion            |       |       |     3 ||     3
 Stab: Sleeping          |     2 |     5 |     3 ||    10
Armor: Robe              |    33 |    24 |       ||    57
       Ring mail         |       |       |    73 ||    73
Dodge: Dodged            |    60 |    31 |   109 ||   200

Table legend: (Time is in decaauts)
 A = Elapsed time spent in this place.
 B = Non-inter-level travel time spent in this place.
 C = Inter-level travel time spent in this place.
 D = Time resting spent in this place.
 E = Time spent auto-exploring this place.
 F = Levels seen in this place.
 G = Mean time per level.
                   A        B        C        D        E       F      G
               +--------+--------+--------+--------+--------+-----+--------+
         Total |   7201 |   6877 |    324 |     75 |   5821 |   8 |  900.1 |
       Dungeon |   7007 |   6757 |    250 |     75 |   5706 |   7 | 1001.0 |
        Temple |    193 |    120 |     73 |      0 |    115 |   1 |  193.0 |
               +--------+--------+--------+--------+--------+-----+--------+

Top non-repeatable levels by time:
     D:6: 2071 daAuts
     D:5: 1163 daAuts
     D:1: 1005 daAuts
     D:4: 876 daAuts
     D:3: 804 daAuts
     D:2: 572 daAuts
     D:7: 514 daAuts
  Temple: 193 daAuts
